 Dungeon Crawl Stone Soup version 0.20.1-1-g8b1a95d (webtiles) character file.

47 Nattfarinn the Stinger (level 3, 0/21 HPs)
             Began as an Octopode Venom Mage on Sept 29, 2017.
             Succumbed to an adder's poison
             ... on level 2 of the Dungeon.
             The game lasted 00:03:05 (832 turns).

Nattfarinn the Stinger (Octopode Venom Mage)         Turns: 832, Time: 00:03:06

Health: 0/21       AC:  1    Str:  7    XL:     3   Next: 70%
Magic:  9/16       EV: 19    Int: 18    God:
Gold:   60         SH:  0    Dex: 17    Spells: 7/8 levels left

rFire    . . .     SeeInvis .   c - +2 dagger (vamp)
rCold    . . .     Gourm    .   (no shield)
rNeg     . . .     Faith    .   (helmet restricted)
rPois    .         Spirit   .   (no amulet)
rElec    .         Reflect  .   b - ring of magical power
rCorr    .         Harm     .   (no ring)
MR       .....                  (no ring)
Stlth    ++++......             (no ring)
Regen    0.1/turn               (no ring)
MPRegen  0.2/turn               (no ring)
                                (no ring)
                                (no ring)

@: agile, lethally poisoned (0 -> -2)
A: almost no armour, stealthy swim, amphibious, 8 rings, constrict 8, camouflage
1, gelatinous body 1
a: no special abilities


You were on level 2 of the Dungeon.
You were not hungry.

You visited 1 branch of the dungeon, and saw 2 of its levels.

You collected 60 gold pieces.

Inventory:

Hand Weapons
 c - a +2 vampiric dagger (weapon)
Jewellery
 b - a ring of magical power (left tentacle)
Scrolls
 e - a scroll of immolation {unknown}
 g - a scroll of magic mapping {unknown}
Books
 a - a Young Poisoner's Handbook

   Spells                             Type                      Level
   a - Sting                          Conjuration/Poison           1
   b - Poisonous Vapours              Poison/Air                   2
   c - Mephitic Cloud                 Conjuration/Poison/Air       3
   d - Olgreb's Toxic Radiance        Poison                       4
   e - Venom Bolt                     Conjuration/Poison           5
Comestibles
 d - a royal jelly


   Skills:
 - Level 2.0 Dodging
 - Level 2.6 Stealth
 * Level 3.2 Spellcasting
 - Level 1.0 Conjurations
 + Level 4.3 Poison Magic


You had 7 spell levels left.
You knew the following spells:

 Your Spells              Type           Power        Failure   Level  Hunger
a - Sting                 Conj/Pois      ##..         5%          1    None


Dungeon Overview and Level Annotations

Branches:
Dungeon (2/15)

Altars:


Innate Abilities, Weirdness & Mutations

You cannot wear most types of armour.
You are very stealthy in the water. (Stealth+)
You are amphibious.
You can wear up to eight rings at the same time.
You can use your tentacles to constrict eight enemies at once.
Your skin changes colour to match your surroundings (Stealth+).
Your rubbery body absorbs attacks. (AC +1, EV +1)


Message History

You constrict the kobold.
* * * LOW HITPOINT WARNING * * *
You feel sick. The kobold hits you but does no damage.
You hit the kobold.
You feel better.
You kill the kobold!
The bat completely misses you. The bat barely misses you.
You closely miss the bat. You grab the bat. You squeeze the bat.
You kill the bat!
* * * LOW HITPOINT WARNING * * *
You feel sick.
Things that are here:
a dagger; 2 stones; a bat corpse
* * * LOW HITPOINT WARNING * * *
You feel sick.
* * * LOW HITPOINT WARNING * * *
You feel sick.
Sorry, you're not good enough to have a special ability.
* * * LOW HITPOINT WARNING * * *
You feel sick.
You die...

## #.# ...
###### .
#.###..@.+
..#.......##
#.........#
#.#.......#
#.......#
####....#
.#####....#
..........####
.............+


There were no monsters in sight!

Vanquished Creatures
  An adder (D:2)
  2 worms (D:2)
  A dart slug (D:1)
  A leopard gecko (D:1)
  2 ball pythons (D:1)
  2 giant cockroaches (D:1)
  5 goblins (D:1)
  3 hobgoblins
  5 kobolds
  3 bats
  3 rats (D:1)
28 creatures vanquished.

Notes
Turn   | Place    | Note
-------+----------+-------------------------------------------
     0 | D:1      | Nattfarinn the Octopode Venom Mage began the quest for the Orb.
     0 | D:1      | Reached XP level 1. HP: 11/11 MP: 3/3
   262 | D:1      | Reached XP level 2. HP: 17/17 MP: 1/5
   584 | D:1      | Reached XP level 3. HP: 21/21 MP: 7/7
   652 | D:1      | Reached skill level 4 in Poison Magic
   828 | D:2      | HP: 1/21 [poisoned by an adder]
   832 | D:2      | Succumbed to an adder's poison

Skill      XL: |  1  2  3 |
---------------+----------+-----
Spellcasting   | 3 |  3.2
Poison Magic   | 4 |  4.3
Dodging        | |  2.0
Stealth        | |  2.6
Conjurations   | |  1.0

Action                   || total
-------------------------++-------
Melee: Dagger            ||    26
       Unarmed           ||     3
       Constrict         ||     7
       Tentacles         ||     4
 Cast: Sting             ||    57
  Use: Potion            ||     1
  Eat: Bread ration      ||     1
Armor: Skin              ||     6
Dodge: Dodged            ||    35
